 Dungeon Crawl Stone Soup version 0.22-a0-480-g991dd4b (webtiles) character file.

144 Tallim the Chopper (level 5, 39/49 HPs)
             Began as a Naga Berserker on June 15, 2018.
             Was a Believer of Trog.
             Quit the game on level 3 of the Dungeon.
             The game lasted 00:07:01 (2006 turns).

Tallim the Chopper (Naga Berserker)                 Turns: 2006, Time: 00:07:02

Health: 39/49      AC:  5    Str: 20    XL:     5   Next: 26%
Magic:  5/5        EV:  8    Int:  8    God:    Trog [**....]
Gold:   162        SH:  0    Dex: 10    Spells: 4/4 levels left

rFire    . . .     SeeInvis +   a - +0 hand axe
rCold    . . .     Gourm    .   (no shield)
rNeg     . . .     Faith    .   m - +0 scale mail
rPois    +         Spirit   .   (no helmet)
rElec    .         Reflect  .   (no cloak)
rCorr    .         Harm     .   (no gloves)
MR       .....                  (no barding)
Stlth    ..........             (no amulet)
HPRegen  0.16/turn              (no ring)
MPRegen  0.09/turn              (no ring)

@: very slow
A: large, see invisible, deformed body, poison resistance, slowness 2, slow
metabolism 1, spit poison 1, AC +1
a: Spit Poison, Berserk, Trog's Hand, Renounce Religion


You were on level 3 of the Dungeon.
You worshipped Trog.
Trog was pleased with you.
You were hungry.

You visited 1 branch of the dungeon, and saw 3 of its levels.

You collected 162 gold pieces.

Inventory:

Hand Weapons
 a - a +0 hand axe (weapon)
Armour
 b - a +0 animal skin
 e - a +0 ring mail (quivered)
 m - a +0 scale mail (worn)
Jewellery
 n - an uncursed ring of wizardry {unknown}
 p - a +5 ring of evasion {unknown}
Scrolls
 f - 4 scrolls of identify {unknown}
 h - 4 scrolls of remove curse {unknown}
 j - 2 scrolls of random uselessness {unknown}
 l - 4 scrolls of enchant weapon {unknown}
Potions
 d - 2 potions of invisibility {unknown}
 g - a potion of cancellation {unknown}
 i - a potion of degeneration {unknown}
 k - 3 potions of heal wounds {unknown}
 o - a potion of lignification {unknown}
Comestibles
 c - 8 rations


   Skills:
 + Level 3.4 Fighting
 * Level 4.7 Axes
 + Level 2.3 Armour
 + Level 2.0 Dodging
 + Level 0.7 Stealth


You had 4 spell levels left.
You didn't know any spells.
Your spell library was empty.

Dungeon Overview and Level Annotations

Branches:
Dungeon (3/15)

Altars:
Hepliaklqana
Vehumet
Yredelemnul


Innate Abilities, Weirdness & Mutations

You cannot wear boots.
Your serpentine skin is tough. (AC +1)
You have supernaturally acute eyesight. (SInv)
Armour fits poorly on your strangely shaped body.
Your system is resistant to poisons. (rPois)
You cover ground very slowly.
You have a slow metabolism.
You can spit poison.


Message History

The adder bites you but does no damage.
You hit the adder.
The adder is severely wounded.
The adder bites you but does no damage. The adder bites you.
You hit the adder.
The adder is almost dead.
The adder barely misses you.
You slash the adder!
You kill the adder!
Trog accepts your kill.
No target in view!
No target in view!
No target in view!
No target in view!
Unknown command.
Unknown command.
Are you sure you want to abandon this character and quit the game? (Confirm with "yes".)
Okay, then.
Unknown command.
Are you sure you want to abandon this character and quit the game? (Confirm with "yes".)

.# .# .... .# ###
.####..# .# #.. ...
...# .#
#.####.####..# .#
#.#.......#..#
.#####.#.......#..#
.......#.......#..#
..†........_...#@.#
..†....#.......#..#
.####..#.†.....#..#
.# #..#.......#..#
.# #..####.####..#
.# ##...........##
.# ############# .#
.#


There were no monsters in sight!

Vanquished Creatures
  An orc priest (D:3)
  3 adders
  An ooze (D:3)
  2 dart slugs
  3 leopard geckos
  6 orcs (D:3)
  5 giant cockroaches
  6 goblins
  11 hobgoblins
  2 jackals (D:1)
  A quokka (D:3)
  2 ball pythons
  7 bats
  3 frilled lizards
  10 kobolds
  4 rats (D:3)
67 creatures vanquished.

Notes
Turn   | Place    | Note
-------+----------+-------------------------------------------
     0 | D:1      | Tallim the Naga Berserker began the quest for the Orb.
     0 | D:1      | Reached XP level 1. HP: 21/21 MP: 1/1
   142 | D:1      | Reached XP level 2. HP: 24/28 MP: 2/2
   548 | D:1      | Reached XP level 3. HP: 34/34 MP: 3/3
   894 | D:2      | Found a radiant altar of Vehumet.
  1181 | D:2      | Reached ** piety under Trog
  1313 | D:2      | Reached skill level 4 in Axes
  1313 | D:2      | Reached XP level 4. HP: 30/42 MP: 4/4
  1627 | D:3      | Reached XP level 5. HP: 34/49 MP: 5/5
  1773 | D:3      | Found a basalt altar of Yredelemnul.
  1969 | D:3      | Found a hazy altar of Hepliaklqana.
  2006 | D:3      | Quit the game

Vault maps used:
D:1:      dpeg_arrival_yet_another_circle
D:2:      cheibrodos_old_hovel, old_standard_altar
D:3:      marbit_many_paths, grunt_ministairs_9, interstate_on_off,
          st_stairs_10, lemuel_tele_altar

Skill      XL: |  1  2  3  4  5 |
---------------+----------------+-----
Armour         | 2 |  2.3
Axes           | 4 |  4.7
Dodging        | 2 |  2.0
Fighting       | |  3.4
Stealth        | |  0.7

Action                   |  1- 3 |  4- 6 || total
-------------------------+-------+-------++-------
Melee: Hand axe          |   110 |    81 ||   191
Invok: Berserk           |     1 |     1 ||     2
 Abil: Spit Poison       |     2 |     1 ||     3
  Eat: Chunk             |     2 |     2 ||     4
Armor: Animal skin       |     2 |       ||     2
       Ring mail         |    39 |       ||    39
       Scale mail        |    11 |    45 ||    56
Dodge: Dodged            |    83 |    54 ||   137

Table legend:
 A = Spawn XP
 B = Non-spawn XP
 C = Spawn XP percentage of total XP
 D = Spawn monster count
 E = Non-spawn monster count
 F = Spawn count percentage of total count
 G = Total turns spent on level
                    A         B        C        D         E        F      G
               +---------+---------+-------+---------+---------+-------+---------
         Total |       0 |     206 |   0.0 |       0 |      67 |   0.0 |  2006
               +---------+---------+-------+---------+---------+-------+---------
           D:1 |       0 |      43 |   0.0 |       0 |      23 |   0.0 |   860
           D:2 |       0 |      44 |   0.0 |       0 |      13 |   0.0 |   615
           D:3 |       0 |     119 |   0.0 |       0 |      31 |   0.0 |   531
               +---------+---------+-------+---------+---------+-------+---------
